Map: Dead of Night

Players

Jodle

  • Race: Protoss Protoss
  • Spawn Location: 0:00

NamroodTuo

  • Race: Zerg Zerg

VOD

Have the link to the VOD?

Description

Time

  • Played on: March 25, 2023, 6:59 a.m.
  • Length: 25:42
Show
View Real Time Build Order
Export as new Build Order

Jodle Protoss 

Build Orders:  

Get SALT Encoding   

  12  0:13  Probe (Chrono Boost)  
  13  0:25  Probe (Chrono Boost)  
  14  0:31  Pylon  
  14  0:37  Probe (Chrono Boost)  
  15  1:05  Gateway  
  15  1:11  Forge  
  15  1:17  Assimilator  
  15  1:22  Assimilator  
  15  1:35  Probe (Chrono Boost)  
  15  1:39  Pylon  
  16  1:51  Pylon  
  16  2:16  Cybernetics Core  
  16  2:29  Photon Cannon  
  16  2:34  Photon Cannon  
  16  2:37  Probe (Chrono Boost)  
  16  2:49  Probe (Chrono Boost)  
  18  3:02  Probe (Chrono Boost)  
  19  3:13  Pylon  
  19  3:23  Photon Cannon  
  19  3:39  Probe (Chrono Boost)  
  20  3:51  Probe (Chrono Boost)  
  21  4:03  Probe (Chrono Boost)  
  22  4:16  Stargate  
  22  4:25  Photon Cannon  
  22  4:28  Photon Cannon x2  
  22  4:40  Probe (Chrono Boost)  
  23  4:52  Probe (Chrono Boost)  
  24  5:04  Probe (Chrono Boost)  
  25  5:10  Pylon  
  25  5:16  Probe (Chrono Boost)  
  26  5:28  Probe (Chrono Boost)  
  26  5:30  Fleet Beacon  
  26  5:37  Assimilator  
  27  5:54  Pylon  
  27  6:01  Stargate  
  27  6:09  Probe (Chrono Boost)  
  28  6:21  Probe (Chrono Boost)  
  29  6:33  Probe (Chrono Boost)  
  30  6:47  Pylon  
  30  6:48  Pylon  
  30  6:57  Pylon  
  30  6:59  Pylon  
  30  7:02  Pylon  
  30  7:28  Photon Cannon  
  30  7:45  Photon Cannon, Carrier  
  30  7:47  Probe (Chrono Boost)  
  31  7:59  Probe (Chrono Boost)  
  38  8:11  Probe (Chrono Boost)  
  39  8:20  Photon Cannon  
  39  8:23  Probe (Chrono Boost)  
  39  8:27  Carrier  
  40  8:35  Probe (Chrono Boost)  
  47  8:57  Probe (Chrono Boost)  
  48  9:09  Probe (Chrono Boost)  
  48  9:19  Stargate  
  49  9:21  Probe (Chrono Boost)  
  50  9:33  Probe (Chrono Boost)  
  51  9:45  Probe (Chrono Boost)  
  52  9:56  Carrier  
  52  10:12  Carrier  
  64  11:10  Carrier  
  70  11:36  Pylon  
  70  11:37  Pylon  
  70  11:39  Pylon  
  70  11:41  Pylon  
  70  11:49  Carrier  
  76  12:49  Carrier  
  82  14:03  Carrier  
  88  14:36  Carrier  
  94  15:03  Protoss Air Weapons Level 1  
  94  16:00  Carrier  
  100  17:22  Photon Cannon  
  100  17:23  Photon Cannon  
  100  17:25  Photon Cannon  
  100  17:26  Photon Cannon x2  
  100  17:56  Photon Cannon x2  
  100  17:58  Photon Cannon  
  100  17:59  Photon Cannon  
  100  19:27  Pylon x2  
  100  19:41  Khaydarin Monolith  
  100  19:51  Carrier  
  100  19:52  Carrier x2  
  100  19:56  Khaydarin Monolith  
  118  20:23  Pylon  
  118  20:24  Pylon  
  118  20:25  Pylon  
  118  20:26  Pylon  
  118  20:29  Pylon x2  
  118  20:35  Pylon  
  118  21:58  Pylon x2  
  118  21:59  Pylon  
  118  22:00  Pylon  
  118  22:03  Pylon  
  118  22:04  Pylon  
  118  22:50  Carrier x3  
Show
View Real Time Build Order
Export as new Build Order

NamroodTuo Zerg 

Build Orders:  

Get SALT Encoding   

  12  0:12  Overlord  
  12  0:19  Infested SCV  
  13  0:26  Infested SCV  
  14  0:38  Infested SCV  
  15  0:54  Infested Barracks  
  15  1:08  Infested SCV  
  15  1:09  Infested SCV x2  
  18  1:12  Infested SCV  
  19  1:25  Infested SCV  
  20  1:32  Infested Refinery  
  20  1:41  Infestation Level 1  
  20  1:43  Infested SCV  
  20  1:48  Infested Refinery  
  21  2:03  Infested SCV  
  22  2:15  Overlord  
  22  2:24  Infested SCV  
  23  2:30  Infested Refinery  
  23  2:49  Infested SCV  
  24  2:50  Overlord  
  24  3:02  Infested Factory  
  24  3:11  Infested Barracks Tech Lab  
  24  3:22  Infested SCV  
  24  3:23  Infested SCV  
  26  3:31  Infested SCV  
  26  3:33  Anaerobic Enhancement  
  27  3:57  Infested Bunker  
  31  4:23  Infested SCV  
  31  4:24  Infested SCV x2  
  34  4:44  Infested Armory  
  34  5:00  Infested Engineering Bay, Infested Marine x5  
  39  5:28  Overlord  
  39  5:29  Overlord  
  39  5:30  Overlord x2  
  39  5:42  Infested Missile Turret  
  39  5:51  Infestation Level 2  
  39  6:05  Aggressive Incubation  
  39  6:10  Infested Missile Turret  
  39  6:21  Infested SCV  
  40  6:33  Retinal Augmentation  
  35  6:46  Infested SCV  
  36  7:37  Infested Marine  
  36  7:38  Infested Marine x13  
  50  7:40  Plagued Munitions, Broodling Gestation  
  54  7:52  Infested Bunker  
  54  7:59  Infested Factory Tech Lab  
  54  8:07  Infested SCV  
  54  8:08  Infested SCV x4  
  57  8:24  Infested SCV  
  58  8:30  Overseer x5  
  58  8:31  Overseer  
  58  8:54  Infestation Level 3  
  58  8:57  Regenerative Plating  
  58  8:58  Unknown  
  46  9:49  Calcified Armor, Infested Bunker  
  50  10:21  Overlord x3  
  50  10:22  Infested SCV x2  
  50  10:28  Stukov Infantry Weapons Level 1  
  52  10:39  Stukov Vehicle and Ship Armor Level 1  
  52  10:47  Infested Barracks  
  52  10:52  Infested SCV  
  52  10:53  Overlord  
  61  12:00  Infested Bunker  
  61  12:10  Overlord x3, Infested SCV  
  61  12:11  Infested SCV  
  61  12:14  Infested Missile Turret  
  67  12:43  Infested Missile Turret  
  67  12:47  Stukov Infantry Armor Level 1, Infested Bunker  
  67  12:50  Infested Bunker  
  67  12:51  Infested Bunker  
  67  12:58  Stukov Vehicle and Ship Weapons Level 1  
  71  13:43  Infested Bunker  
  71  13:46  Infested Bunker  
  79  14:04  Infested Bunker  
  83  14:13  Infested Barracks Tech Lab  
  83  14:29  Infested Barracks  
  83  14:55  Infested Bunker  
  83  14:57  Infested Missile Turret  
  87  15:03  Stukov Infantry Weapons Level 2  
  87  15:11  Infested Siege Tank  
  87  15:15  Overlord  
  90  15:21  Overlord  
  90  15:26  Infested Missile Turret  
  98  16:31  Infested Bunker  
  98  16:35  Infested Siege Tank  
  101  17:09  Infested Missile Turret  
  101  17:21  Infested Bunker  
  101  17:40  Infested Missile Turret  
  101  17:48  Stukov Infantry Armor Level 2  
  101  17:49  Overlord x3  
  101  17:50  Overlord  
  101  17:51  Overlord  
  101  18:02  Infested Marine x5  
  101  18:03  Infested Marine x25  
  101  18:04  Infested Marine x4  
  135  18:46  Infested Barracks  
  143  19:00  Infested Bunker  
  143  19:13  Infested Bunker  
  109  19:58  Infested Bunker  
  113  20:29  Stukov Infantry Weapons Level 3  
  113  20:37  Automated Mitosis  
  113  20:41  Infested Siege Tank  
  113  20:42  Infested Siege Tank x4  
  128  21:25  Acidic Enzymes  
  128  21:53  Infested Siege Tank x3  
  128  21:54  Infested Siege Tank  
  140  22:00  Overlord x5  
  140  22:03  Overseer x5  
  144  22:32  Infested Bunker  
  144  24:35  Infested Siege Tank x3  
  144  24:36  Infested Siege Tank x2  
Tags
 
Commander
KaraxStukov
Matchup
Co-op
Replay Pack
Multiplayer
Add a new tag
Caveats
  • Supply blocks, unpowered buildings, or Contaminate may cause inaccurate times.
  • Supply counts are checked every 10 seconds.